 Dungeon Crawl Stone Soup version 0.20-a0-871-g785f14b (webtiles) character file.

22567 dvd the Covert (level 12, -9/63 HPs)
             Began as a Spriggan Assassin on Mar 14, 2017.
             Was an Initiate of Gozag.
             Mangled by a black mamba (10 damage)
             ... on level 2 of the Lair of Beasts.
             The game lasted 01:33:50 (21196 turns).

dvd the Covert (Spriggan Assassin)                 Turns: 21196, Time: 01:33:52

Health: -9/63      AC:  7    Str: 16    XL:     12   Next: 64%
Magic:  18/18      EV: 23    Int: 15    God:    Gozag
Gold:   23         SH:  0    Dex: 19    Spells: 15/21 levels left

rFire    + . .     SeeInvis +   f - +5 falchion (freeze)
rCold    + . .     Gourm    .   s - +2 robe {MR+}
rNeg     + + .     Faith    .   (shield restricted)
rPois    .         Spirit   .   (helmet restricted)
rElec    .         Reflect  .   G - +2 cloak
rCorr    .         Harm     .   (gloves unavailable)
MR       ++++.                  (boots unavailable)
Stlth    ++++++....             Y - amulet of regeneration
Regen    0.6/turn               V - ring of Ruli Ewa {+Inv rF+ rN++ Str+3 Int+3}
MPRegen  0.2/turn               P - ring of protection from magic

@: lethally poisoned (-9 -> -10), very quick
A: unfitting armour, see invisible, cold resistance 1, herbivore 3, speed 3, low
mp 1, slow metabolism 2, strong 1
a: Potion Petition, Call Merchant, Bribe Branch, Renounce Religion, Evoke
Invisibility


You were on level 2 of the Lair of Beasts.
You worshipped Gozag.
Gozag was noncommittal.
You were not hungry.

You visited 3 branches of the dungeon, and saw 15 of its levels.

You collected 2640 gold pieces.
You spent 1197 gold pieces at shops.
You paid 1420 gold pieces to Gozag.

Inventory:

Hand Weapons
 a - a +3 dagger of venom
 b - a +0 blowgun
 c - a +0 hunting sling
 d - a +1 shortbow of flaming
 e - the +1 dagger of Defiance {venom, rN++ Dex+4 SInv}
   (You found it on level 6 of the Dungeon)

   It poisons the flesh of those it strikes.
   It affects your dexterity (+4).
   It greatly protects you from negative energy.
   It lets you see invisible.
 f - a +5 falchion of freezing (weapon)
Missiles
 n - 435 stones
 o - 8 tomahawks (quivered)
 p - 46 sling bullets
 M - a curare-tipped needle
 O - 19 poisoned needles
 U - 213 arrows
Armour
 s - a +2 robe of magic resistance (worn)
 G - a +2 cloak (worn)
 Q - a +0 buckler
Magical Staves
 z - an uncursed staff of death
Jewellery
 l - an uncursed ring of protection from magic
 x - an uncursed ring of resist corrosion
 C - an uncursed ring of protection from fire
 P - a ring of protection from magic (left hand)
 T - an uncursed ring of ice
 V - the ring of Ruli Ewa (right hand) {+Inv rF+ rN++ Str+3 Int+3}
   (You bought it in a shop on level 11 of the Dungeon)

   [ring of protection from fire]

   It affects your strength (+3).
   It affects your intelligence (+3).
   It protects you from fire.
   It greatly protects you from negative energy.
   It lets you turn invisible.
 Y - an amulet of regeneration (around neck)
Wands
 A - a wand of disintegration (9/24)
 D - a wand of enslavement (20/24)
 F - a wand of acid (7/15)
 K - a wand of flame (6/48)
 L - a wand of iceblast (6/15)
 R - a wand of flame (18/48)
 S - a wand of polymorph (8/24)
Scrolls
 i - 7 scrolls of remove curse
 q - 2 scrolls of amnesia
 t - a scroll of magic mapping
 y - 9 scrolls of teleportation
 B - 4 scrolls of identify
 I - a scroll of fog
 X - 2 scrolls of enchant weapon
Potions
 h - 3 potions of berserk rage
 j - a potion of mutation
 k - 6 potions of heal wounds
 m - 2 potions of agility
 r - a potion of brilliance {unknown}
 u - 2 potions of cancellation
 v - a potion of flight
 w - 3 potions of curing
 H - a potion of haste
 J - a potion of ambrosia
 N - a potion of invisibility {unknown}
Books
 W - a Young Poisoner's Handbook

   Spells                             Type                      Level
   a - Sting                          Conjuration/Poison           1
   b - Poisonous Vapours              Poison/Air                   2
   c - Mephitic Cloud                 Conjuration/Poison/Air       3
   d - Olgreb's Toxic Radiance        Poison                       4
   e - Venom Bolt                     Conjuration/Poison           5
Comestibles
 g - 6 bread rations
 E - 25 fruits


   Skills:
 + Level 7.5 Fighting
 + Level 7.1(7.7) Short Blades
 + Level 3.3(4.8) Long Blades
 + Level 10.7(12.8) Slings
 + Level 7.1 Bows
 + Level 10.1(11.4) Throwing
 + Level 6.5 Dodging
 + Level 13.3 Stealth
 + Level 5.0 Spellcasting
 + Level 1.2 Air Magic
 * Level 2.0 Poison Magic
 + Level 1.1 Evocations


You had 15 spell levels left.
You knew the following spells:

 Your Spells              Type           Power        Failure   Level  Hunger
a - Poisonous Vapours     Pois/Air       #.....       14%         2    ##.....
b - Olgreb's Toxic Radia  Pois           ##......     78%         4    ####...


Dungeon Overview and Level Annotations

Branches:
Dungeon (11/15)            Temple (1/1) D:7            Lair (3/6) D:10
 Spider (0/4) Lair:2          Orc (0/2) D:9
  Swamp: Lair:2-4    Shoals: Lair:2-4

Altars:
Ashenzari
Cheibriados
Dithmenos
Elyvilon
Fedhas
Gozag
Hepliaklqana
Kikubaaqudgha
Makhleb
Nemelex Xobeh
Okawaru
Qazlal
Ru
Sif Muna
Trog
Uskayaw
Vehumet
Wu Jian
Xom
Yredelemnul
Zin
The Shining One

Shops:
D:6 [   D:11 =


Innate Abilities, Weirdness & Mutations

You are very small and have problems with some larger weapons.
You are too small for most types of armour.
You have supernaturally acute eyesight. (SInv)
You are a herbivore.
You cover ground extremely quickly.
You need consume almost no food.
Your flesh is cold resistant. (rC+)
Your magical capacity is low. (-10% MP)
Your muscles are strong. (Str +2)


Message History

The black mamba bites you.
You are poisoned.
The black mamba poisons you! The black mamba misses you.
You miss the black mamba.
The black mamba is almost dead.
You feel sick. The black mamba closely misses you. The black mamba bites you!
* * * LOW HITPOINT WARNING * * *
You feel sick.
Throwing (i - inventory. (,) - cycle):
o - 9 tomahawks (quivered)
Press: ? - help, Shift-Dir - straight line, f - black mamba
Aim: a black mamba (almost dead)
You throw a tomahawk.
The tomahawk barely misses the black mamba.
The tomahawk hits the plant!!
The plant is moderately damaged.
You feel sick. The black mamba bites you!
* * * LOW HITPOINT WARNING * * *
The black mamba bites you!
You die...
Your body crumbles into a pile of gold.

.................................
#.####...................##.####.
...###.................#########.
....#....<.P....P.......#.##.##..
P...#............#......##...###.
#....#.....#............##....#P.
....#..................P###.###P.
#####P.....#.....#.....####..###.
######.....#....@.......#.#.####.
.................S...............
......[....#.##...>..............
.................................
.................................
.................................
.............#####....P..##PP....
...........#####.#......#####...#
##...##....#...[................+


You could see a black mamba.

Vanquished Creatures
  3 hydras
  3 death yaks (D:10)
  3 two-headed ogres
  An ugly thing (D:11)
  A manticore (D:10)
  A black mamba (Lair:1)
  The ghost of Shenda the Destroyer, a novice TeCj of Kikubaaqudgha (D:6)
  A rime drake (Lair:2)
  A komodo dragon (Lair:1)
  Grinder (D:3)
  4 trolls
  Prince Ribbit (D:7)
  9 blink frogs
  Sigmund (D:2)
  2 hippogriffs
  A redback (Lair:2)
  19 yaks
  2 hungry ghosts
  3 water moccasins (Lair:2)
  5 porcupines
  7 orc warriors
  3 black bears
  An ice beast (D:11)
  3 sky beasts
  7 phantoms
  An eye of draining (D:10)
  4 necrophages
  6 ogres
  5 centaurs
  8 crocodiles
  The ghost of Yehuk the Covered, an amateur GrFi (D:3)
  2 big kobolds
  9 bullfrogs
  A gnoll sergeant (D:6)
  A water moccasin zombie (D:7)
  A wyvern skeleton (D:6)
  2 scorpions
  12 wights
  A howler monkey (D:8)
  An electric eel (Lair:2)
  2 crimson imps
  A quasit (D:7)
  7 hounds
  4 jellies
  9 orc wizards
  A bullfrog skeleton (D:5)
  2 centaur skeletons
  8 orc priests
  7 worker ants
  5 iguanas
  Natasha (thrice) (D:3)
  2 hell rats (D:10)
  2 hound zombies
  2 worker ant zombies
  12 gnolls
  17 adders
  A river rat (D:10)
  4 shadow imps
  An ooze (D:2)
  An adder zombie (D:9)
  2 adder skeletons (D:7)
  A worm (D:3)
  4 dart slugs
  6 leopard geckos
  46 orcs
  3 ball pythons
  2 giant cockroaches
  17 goblins
  15 hobgoblins
  9 jackals
  17 kobolds
  14 quokkas
  5 bats
  4 frilled lizards
  A leopard gecko skeleton (D:4)
  A quokka zombie (D:8)
  10 rats
387 creatures vanquished.

Vanquished Creatures (others)
  3 fungi
  2 plants
5 creatures vanquished.

Grand Total: 392 creatures vanquished

Notes
Turn   | Place    | Note
-------+----------+-------------------------------------------
     0 | D:1      | dvd the Spriggan Assassin began the quest for the Orb.
     0 | D:1      | Reached XP level 1. HP: 10/10 MP: 2/2
    21 | D:1      | Reached skill level 6 in Stealth
   341 | D:1      | Reached XP level 2. HP: 14/14 MP: 3/3
   861 | D:2      | Noticed Sigmund
   965 | D:2      | Reached skill level 7 in Stealth
  1098 | D:2      | Reached XP level 3. HP: 18/18 MP: 4/4
  1440 | D:2      | Killed Sigmund
  1440 | D:2      | Reached XP level 4. HP: 4/23 MP: 5/5
  1440 | D:2      | Reached XP level 5. HP: 4/26 MP: 6/6
  2458 | D:2      | Found a sacrificial altar of Ru.
  2852 | D:3      | Reached XP level 6. HP: 30/30 MP: 7/7
  3339 | D:3      | Noticed Grinder
  3458 | D:3      | Killed Grinder
  3458 | D:3      | Reached XP level 7. HP: 27/35 MP: 8/8
  3848 | D:3      | Noticed Natasha
  3855 | D:3      | Killed Natasha
  3855 | D:3      | Reached skill level 8 in Stealth
  3872 | D:3      | Noticed Yehuk's ghost (amateur GrFi)
  3958 | D:3      | Noticed Natasha
  5259 | D:3      | Killed Yehuk's ghost
  5259 | D:3      | Reached skill level 5 in Throwing
  5450 | D:3      | Killed Natasha
  5513 | D:3      | Noticed Natasha
  5518 | D:3      | Killed Natasha
  6219 | D:4      | Reached skill level 5 in Slings
  6280 | D:4      | Reached XP level 8. HP: 30/40 MP: 9/9
  6698 | D:5      | Entered Level 5 of the Dungeon
  6801 | D:5      | Found a burning altar of Makhleb.
  6802 | D:5      | Found a deep blue altar of Sif Muna.
  6802 | D:5      | Found a basalt altar of Yredelemnul.
  6804 | D:5      | Found a glowing silver altar of Zin.
  6828 | D:5      | Found a radiant altar of Vehumet.
  6828 | D:5      | Found a sparkling altar of Nemelex Xobeh.
  6828 | D:5      | Found a shadowy altar of Dithmenos.
  6859 | D:5      | Found a shimmering altar of Xom.
  7818 | D:6      | Reached skill level 9 in Stealth
  7848 | D:6      | Got a warped dagger
  7930 | D:6      | Identified the cursed +1 dagger of Defiance {venom, rN++ Dex+4 SInv} (You found it on level 6 of the Dungeon)
  8691 | D:6      | Reached XP level 9. HP: 45/45 MP: 10/10
  8838 | D:6      | Noticed Shenda's ghost (novice TeCj)
  9113 | D:7      | Found a staircase to the Ecumenical Temple.
  9122 | Temple   | Entered the Ecumenical Temple
  9275 | Temple   | Became a worshipper of Gozag Ym Sagoz the Greedy
  9936 | D:7      | Reached skill level 5 in Short Blades
  9951 | D:7      | Reached skill level 5 in Dodging
 10359 | D:7      | Noticed a two-headed ogre
 10398 | D:7      | Killed a two-headed ogre
 10398 | D:7      | Reached skill level 5 in Fighting
 10466 | D:7      | Noticed Prince Ribbit
 10510 | D:7      | Killed Prince Ribbit
 10510 | D:7      | Reached XP level 10. HP: 51/51 MP: 11/11
 11589 | D:8      | Reached skill level 10 in Stealth
 11686 | D:8      | Found a glowing golden altar of the Shining One.
 11960 | D:9      | Reached skill level 1 in Long Blades
 12556 | D:9      | Found a staircase to the Orcish Mines.
 12972 | D:9      | Found a white marble altar of Elyvilon.
 12972 | D:9      | Found a bloodstained altar of Trog.
 13174 | D:9      | Noticed a two-headed ogre
 13294 | D:9      | Killed a two-headed ogre
 13646 | D:9      | Reached skill level 11 in Stealth
 14132 | D:6      | Killed Shenda's ghost
 14132 | D:6      | Reached skill level 10 in Slings
 14979 | D:10     | Entered Level 10 of the Dungeon
 15106 | D:10     | Reached XP level 11. HP: 43/56 MP: 0/12
 15311 | D:10     | Noticed a death yak
 15312 | D:10     | Found a staircase to the Lair.
 15314 | D:10     | Noticed a death yak
 15315 | D:10     | Noticed a death yak
 15469 | D:10     | Killed a death yak
 15660 | D:10     | Killed a death yak
 15739 | D:10     | Killed a death yak
 15992 | D:10     | Learned a level 2 spell: Poisonous Vapours
 16420 | D:10     | Reached skill level 1 in Evocations
 16751 | D:10     | Reached skill level 1 in Poison Magic
 16760 | D:10     | Reached skill level 5 in Bows
 17051 | D:10     | Reached skill level 1 in Spellcasting
 17465 | D:11     | Gained mutation: Your magical capacity is low. (-10% MP) [potion of mutation]
 17465 | D:11     | Gained mutation: Your flesh is cold resistant. (rC+) [potion of mutation]
 17465 | D:11     | Gained mutation: Your muscles are strong. (Str +2) [potion of mutation]
 17730 | D:11     | Found a sparkling altar of Nemelex Xobeh.
 17996 | D:11     | Noticed a two-headed ogre
 18030 | D:11     | Killed a two-headed ogre
 18166 | D:11     | Noticed a red ugly thing
 18178 | D:11     | Killed a red ugly thing
 18333 | Lair:1   | Entered Level 1 of the Lair of Beasts
 18592 | Lair:1   | Reached XP level 12. HP: 63/63 MP: 16/16
 18604 | Lair:1   | Reached skill level 1 in Air Magic
 18634 | Lair:1   | Reached skill level 12 in Stealth
 19134 | Lair:1   | Noticed a six-headed hydra
 19143 | Lair:1   | Killed a six-headed hydra
 19177 | Lair:2   | Noticed a six-headed hydra
 19583 | Lair:2   | Noticed a seven-headed hydra
 20065 | Lair:2   | Reached skill level 5 in Spellcasting
 20077 | Lair:2   | Reached skill level 13 in Stealth
 20278 | Lair:2   | Killed a seven-headed hydra
 20320 | Lair:2   | Killed a six-headed hydra
 20431 | Lair:2   | Reached skill level 10 in Throwing
 20444 | Lair:2   | Found a hole to the Spider Nest.
 21084 | D:11     | Bought the ring of Ruli Ewa {+Inv rF+ rN++ Str+3 Int+3} for 807 gold pieces
 21088 | D:11     | Bought an uncursed amulet of regeneration for 390 gold pieces
 21095 | D:11     | Learned a level 4 spell: Olgreb's Toxic Radiance
 21180 | Lair:3   | Noticed a five-headed hydra
 21196 | Lair:2   | HP: 1/63 [black mamba (15)]
 21196 | Lair:2   | Mangled by a black mamba

Vault maps used:
D:1:      saegor_arrival_simple_e
D:2:      kennysheep_goblin_castle, nicolae_ru_great_annihilating_truth,
          kennysheep_generic_room_8, uniq_sigmund
D:3:      minmay_randomly_rotated_circles, uniq_grinder, uniq_natasha
D:4:      first_bread
D:5:      grunt_temple_overflow_open, grunt_ministairs_5,
          small_statue_intersection
D:7:      minmay_temple_entry_overgrown, columned_hall_lemuel,
          uniq_prince_ribbit1
D:8:      lemuel_crystal_altar, blue_anna_alchemist
D:9:      gammafunk_temple_overflow_elements, erik_orc_3, grunt_ministairs_9
D:10:     dpeg_lair_monsters, minmay_checkerbox
D:11:     nemelex_diamond_rough_becter
Temple:   dpeg_chambers_temple
Lair:1:   eino_small_chamber_without_monster
Lair:2:   spider_nest_entry_a, serial_bayou_crossing, serial_bayou_shore_a
Lair:3:   hibernation_bobbens

Skill      XL: |  1  2  3  4  5  6  7  8  9 10 11 12 |
---------------+-------------------------------------+-----
Stealth        | 6 7 8 9 11 13 | 13.3
Fighting       | 2 3 5 6 7 |  7.5
Slings         | 2 4 5 6 8 10 | 10.7
Throwing       | 3 4 5 6 8 9 10 | 10.1
Dodging        | 2 3 4 5 6 |  6.5
Short Blades   | 3 4 5 6 7 |  7.1
Long Blades    | 2 3 |  3.3
Bows           | 5 7 |  7.1
Evocations     | 1 |  1.1
Poison Magic   | 1 2 |  2.0
Spellcasting   | 3 5 |  5.0
Air Magic      | 1 |  1.2

Action                   |  1- 3 |  4- 6 |  7- 9 | 10-12 || total
-------------------------+-------+-------+-------+-------++-------
Melee: Dagger            |    10 |    58 |   272 |   285 ||   625
       Short sword       |       |       |    75 |       ||    75
       Blowgun           |       |       |     2 |       ||     2
       Falchion          |       |       |       |   172 ||   172
 Fire: Blowgun           |    40 |    54 |   216 |   210 ||   520
       Hunting sling     |    20 |    56 |   144 |   235 ||   455
       Shortbow          |       |       |       |   190 ||   190
Throw: Stone             |       |     1 |     1 |    11 ||    13
       Tomahawk          |       |       |       |    27 ||    27
 Cast: Poisonous Vapours |       |       |       |    21 ||    21
Invok: Call Merchant     |       |       |       |     2 ||     2
Evoke: Wand              |       |       |       |     3 ||     3
  Use: Scroll            |       |       |    14 |     3 ||    17
       Potion            |       |       |     1 |    11 ||    12
 Stab: Sleeping          |     7 |     6 |    17 |    49 ||    79
       Paralysed         |       |     1 |       |       ||     1
       Distracted        |       |       |     2 |     4 ||     6
  Eat: Royal jelly       |       |       |     1 |     1 ||     2
       Bread ration      |       |       |     1 |       ||     1
       Fruit             |       |       |       |     7 ||     7
Armor: Robe              |     4 |     8 |    57 |    42 ||   111
Dodge: Dodged            |    10 |    43 |   311 |   320 ||   684
       Rpst.: Falchion   |       |       |       |    43 ||    43
